 Dungeon Crawl Stone Soup version 0.19.5 (webtiles) character file.

21 QuCean the Grave Robber (level 2, 0/28 HPs)
             Began as a Troll Wanderer on May 4, 2017.
             Slain by an adder (3 damage)
             ... on level 2 of the Dungeon.
             The game lasted 00:03:56 (592 turns).

QuCean the Grave Robber (Troll Wanderer)             Turns: 592, Time: 00:03:56

Health: 0/28       AC:  5    Str: 19    XL:     2   Next: 65%
Magic:  3/3        EV:  9    Int:  6    God:
Gold:   37         SH:  0    Dex: 11    Spells: 0 memorised, 4 levels left

rFire  . . .     SeeInvis .     a - +2 quarterstaff
rCold  . . .     Gourm    +     d - +0 robe
rNeg   . . .     Faith    .     (shield currently unavailable)
rPois  .         Spirit   .     (helmet restricted)
rElec  .         Reflect  .     (no cloak)
rCorr  .         Harm     .     (gloves unavailable)
MR     .....                    (boots unavailable)
Stlth  +.........               (no amulet)
                                (no ring)
                                (no ring)

@: lethally poisoned (0 -> 0)
A: unfitting armour, claws 3, fast metabolism 3, gourmand, regeneration 1,
shaggy fur 1, tough skin 2
a: no special abilities


You were on level 2 of the Dungeon.
You were very full.

You visited 1 branch of the dungeon, and saw 2 of its levels.

You collected 37 gold pieces.

Inventory:

Hand Weapons
 a - a +2 quarterstaff (weapon)
Armour
 d - a +0 robe (worn)
Scrolls
 b - a scroll of teleportation
 e - 4 scrolls of remove curse
Potions
 h - a potion of degeneration {unknown}
Books
 c - the Incunabulum of Evil Secrets

   Spells                             Type                      Level
   a - Corpse Rot                     Necromancy                   2
   b - Sublimation of Blood           Necromancy                   2
Comestibles
 f - 2 bread rations
 g - a chunk of flesh


   Skills:
 + Level 1.9 Fighting
 + Level 1.2 Staves
 + Level 0.5 Dodging
   Level 1.0 Shields
 + Level 1.5 Spellcasting
   Level 2.4 Necromancy
   Level 1.0 Evocations


You had 4 spell levels left.
You didn't know any spells.

Dungeon Overview and Level Annotations

Branches:
Dungeon (2/15)

Altars:
Kikubaaqudgha


Innate Abilities, Weirdness & Mutations

You are too large for most types of armour.
You have claws for hands.
Your metabolism is lightning-fast.
You like to eat raw meat.
Your natural rate of healing is unusually fast.
You are covered in fur. (AC +1)
You have very tough skin. (AC +2)


Message History

You feel sick. The bat hits you.
* * * LOW HITPOINT WARNING * * *
The adder bites you but does no damage.
The frilled lizard bites you but does no damage.
The adder bites you.
* * * LOW HITPOINT WARNING * * *
You closely miss the adder.
The adder is almost dead.
The bat hits you but does no damage. The adder barely misses you.
The frilled lizard bites you.
* * * LOW HITPOINT WARNING * * *
You hit the adder.
The adder is almost dead.
You feel sick. The bat barely misses you.
The adder bites you but does no damage. The frilled lizard barely misses you.
The adder barely misses you. The frilled lizard barely misses you.
You barely miss the adder.
The adder is almost dead.
The bat closely misses you. The adder bites you.
You die...

...................
.######.####.#.#.## .#
#..........#
.######..#####.#####
...............#...
.#.......###.###.# #
.##.##.#.....#...###.#
.##.##.#.#.###.#b....#
>..............S@....#
###.##.#.#.###.#l.#.##
#.##...#.. #.#....#
###.##########.#...##
........... .....(..
###.####### #.###.###
###'#### #.# ..
.......# #.# #.#
.......# .#


You could see an adder, a bat and a frilled lizard.

Vanquished Creatures
  A worm (D:2)
  A dart slug (D:1)
  3 bats
  2 giant cockroaches
  A goblin (D:1)
  2 hobgoblins
  2 kobolds (D:2)
  A frilled lizard (D:2)
  4 rats
17 creatures vanquished.

Notes
Turn   | Place    | Note
-------+----------+-------------------------------------------
     0 | D:1      | QuCean the Troll Wanderer began the quest for the Orb.
     0 | D:1      | QuCean set off with: a +2 quarterstaff, a scroll of teleportation, the Incunabulum of Evil Secrets, a +0 robe, 2 bread rations
     0 | D:1      | Reached XP level 1. HP: 19/19 MP: 1/1
    79 | D:1      | Identified the Incunabulum of Evil Secrets
   222 | D:1      | Reached XP level 2. HP: 27/28 MP: 3/3
   528 | D:2      | Found an ancient bone altar of Kikubaaqudgha.
   592 | D:2      | Slain by an adder

Action                   || total
-------------------------++-------
Melee: Quarterstaff      ||    63
  Use: Scroll            ||     1
  Eat: Chunk             ||     9
Armor: Robe              ||    79
Dodge: Dodged            ||    65
